Map: Katalyse LE

Players

Gear - Winner!

  • Race: Terran Terran
  • League: Master
  • Spawn Location: 5:00

Muendlich - Winner!

  • Race: Terran Terran
  • League: Silver
  • Spawn Location: 11:00

K.I.-2 (Sehr leicht)

  • Race: Terran Terran

VOD

Have the link to the VOD?

Description

Time

  • Played on: June 13, 2018, 12:20 p.m.
  • Length: 8:15
Show
View Real Time Build Order
Export as new Build Order

Gear Terran - Winner!

Build Orders: 1/1/1, MMM Bio 

Get SALT Encoding   

  12  0:01  SCV  
  13  0:13  SCV  
  14  0:18  Supply Depot  
  14  0:25  SCV  
  15  0:38  Refinery  
  15  0:39  SCV  
  16  0:45  Barracks  
  16  0:52  SCV  
  17  1:04  SCV  
  18  1:17  SCV  
  19  1:31  Orbital Command  
  19  1:32  Marine  
  20  1:35  Supply Depot  
  20  1:41  Factory  
  20  1:49  Marine  
  21  1:57  SCV  
  22  2:07  Marine  
  23  2:09  SCV  
  23  2:10  Refinery  
  24  2:21  SCV  
  25  2:25  Starport, Marine  
  25  2:26  Factory Tech Lab  
  26  2:33  SCV  
  27  2:38  Command Center  
  27  2:45  Barracks Reactor  
  27  2:50  Supply Depot  
  27  2:53  Factory Tech Lab  
  27  3:08  Banshee  
  30  3:15  SCV  
  31  3:22  Marine x2  
  31  3:26  Siege Tank  
  36  3:27  SCV  
  36  3:32  Supply Depot  
  37  3:39  Marine  
  37  3:40  Marine  
  39  3:50  SCV  
  39  3:54  Banshee  
  43  3:59  Marine x2  
  43  4:02  SCV  
  46  4:06  Siege Tank  
  49  4:14  SCV  
  49  4:16  Orbital Command  
  50  4:17  Marine x2  
  52  4:26  SCV  
  53  4:32  Supply Depot  
  53  4:38  Barracks, SCV  
  54  4:41  Barracks  
  54  4:45  Stimpack, Marine  
  55  4:46  Medivac  
  55  4:52  Refinery, SCV  
  58  4:53  SCV  
  58  4:58  Supply Depot  
  59  5:02  Marine  
  60  5:10  Siege Tank, SCV  
  60  5:11  SCV  
  65  5:21  Supply Depot  
  65  5:23  SCV x2  
  68  5:29  Barracks Reactor  
  68  5:30  Barracks Reactor, Marine  
  68  5:35  SCV x2  
  70  5:37  Medivac  
  70  5:38  Refinery  
  72  5:45  Supply Depot  
  72  5:47  SCV x2  
  72  5:48  Marine  
  75  5:53  Engineering Bay  
  75  5:57  Siege Tank  
  75  5:59  SCV x2  
  80  6:10  Command Center  
  80  6:15  Medivac  
  82  6:20  SCV x2  
  82  6:21  Supply Depot  
  82  6:23  Marine x2  
  86  6:29  Marine x2  
  86  6:30  Marine  
  89  6:36  Engineering Bay  
  89  6:41  Marine  
  89  6:42  Armory  
  89  6:45  Siege Tank, Combat Shields  
  93  6:47  SCV  
  93  6:48  SCV  
  93  6:53  Supply Depot  
  95  6:58  Sensor Tower  
  95  7:02  Marine x4  
  99  7:12  SCV x2  
  101  7:17  Marine  
  101  7:18  Sensor Tower  
  101  7:20  Marine  
  103  7:23  Supply Depot  
  103  7:24  SCV x2  
  103  7:29  Marine x3  
  106  7:34  Marine  
  109  7:43  Barracks  
  109  7:44  Barracks  
  116  8:01  SCV  
  116  8:02  SCV  
Show
View Real Time Build Order
Export as new Build Order

Muendlich Terran - Winner!

Build Orders: Reaper Expand 

Get SALT Encoding   

  12  0:00  SCV  
  13  0:13  SCV  
  14  0:19  Supply Depot  
  14  0:43  Barracks  
  14  1:04  Command Center  
  14  1:29  Marine  
  14  1:31  Supply Depot  
  14  1:32  Orbital Command  
  15  1:38  Refinery  
  15  1:50  Refinery  
  15  1:57  SCV  
  16  2:10  SCV  
  17  2:16  SCV  
  17  2:18  Reaper  
  19  2:23  SCV  
  20  2:30  SCV  
  21  2:38  SCV  
  22  2:45  SCV  
  22  2:46  Refinery  
  23  2:52  SCV  
  24  2:59  SCV  
  25  3:06  Marine, SCV  
  27  3:13  SCV  
  28  3:20  SCV  
  28  3:22  Factory  
  29  3:46  Refinery, SCV  
  30  3:53  SCV  
  30  3:55  Marine  
  32  4:00  SCV  
  32  4:01  Supply Depot  
  33  4:08  Starport, SCV  
  34  4:14  Barracks Tech Lab  
  34  4:15  SCV  
  35  4:22  SCV  
  36  4:29  SCV  
  37  4:32  Supply Depot  
  37  4:36  SCV  
  38  4:44  Marauder, Starport Tech Lab, SCV  
  41  4:51  SCV  
  42  4:58  SCV  
  43  5:04  Raven  
  43  5:05  SCV  
  45  5:13  SCV  
  43  5:20  SCV  
  42  5:21  Hellion  
  42  5:24  Supply Depot  
  42  5:27  SCV  
  28  5:41  SCV  
  28  5:50  Hellion  
  28  5:53  SCV  
  32  6:06  SCV  
  33  6:18  SCV  
  28  6:19  Hellion  
  28  6:29  Supply Depot  
  28  6:30  SCV  
  13  6:42  SCV  
  10  6:48  Hellion  
  11  6:54  SCV  
Show
View Real Time Build Order
Export as new Build Order

K.I.-2 (Sehr leicht) Terran 

Build Orders:  

Get SALT Encoding   

Tags
 
Add a new tag
Caveats
  • Supply blocks, unpowered buildings, or Contaminate may cause inaccurate times.
  • Supply counts are checked every 10 seconds.